 Dungeon Crawl Stone Soup version 0.31.0-11-ge490571c62 (webtiles) character file.

Game seed: 11124156504351270385

602 ezpacito the Chopper (level 7, -2/53 HPs)
             Began as a Demonspawn Berserker on Jan 31, 2024.
             Was a Believer of Trog.
             Slain by a killer bee (4 damage)
             ... on level 4 of the Dungeon.
             The game lasted 00:05:31 (3497 turns).

ezpacito the Chopper (Demonspawn Berserker)         Turns: 3497, Time: 00:05:33

Health: -2/53      AC:  9    Str: 23    XL:     7   Next: 18%
Magic:  7/7        EV: 11    Int:  7    God:    Trog [**....]
Gold:   154        SH:  0    Dex: 15    Spells: 6/6 levels left

rFire   . . .        a - +1 hand axe
rCold   . . .        (no shield)
rNeg    . . .        m - +0 scale mail
rPois   .            k - +0 helmet
rElec   .            (no cloak)
rCorr   .            (no gloves)
SInv    .            x - +0 pair of boots
Will    +....        (no amulet)
Stlth   +            n - +6 ring of strength
HPRegen 0.28/turn    (no ring)
MPRegen 0.10/turn

%: no passive effects
@: mighty, lethally poisoned (-2 -> -9), on berserk cooldown, enlightened,
flying, slowed, very slow
A: powered by death 1, powered by pain 2, weakness stinger 1
a: Renounce Religion, Berserk, Trog's Hand


You were on level 4 of the Dungeon.
You worshipped Trog.
Trog was pleased with you.
You visited 1 branch of the dungeon, and saw 5 of its levels.

You collected 212 gold pieces.
You spent 58 gold pieces at shops.

Inventory:

Hand Weapons
 a - a +1 hand axe (weapon)
 b - a +2 vampiric dagger
 w - a +0 sling
Missiles
 f - 38 stones (quivered)
 l - 5 javelins
 o - 11 poisoned darts
 p - 3 boomerangs
Armour
 k - a +0 helmet (worn)
 m - a +0 scale mail (worn)
 x - a +0 pair of boots (worn)
Jewellery
 n - a +6 ring of strength (left hand)
Talismans
 j - a storm talisman
Wands
 d - a wand of mindburst (12)
 r - a wand of flame (12)
Scrolls
 c - 3 scrolls of teleportation
 e - a scroll of amnesia {unknown}
 i - a scroll of poison {unknown}
 q - 3 scrolls of identify {unknown}
 u - a scroll of fog {unknown}
Potions
 t - a potion of attraction {unknown}
 v - a potion of lignification {unknown}


   Skills:
 * Level 3.9 Fighting
 * Level 4.8 Axes
 * Level 3.3 Armour
 * Level 2.8 Dodging
 * Level 2.0 Stealth
 * Level 2.0 Unarmed Combat
 * Level 0.6 Evocations
 * Level 1.3 Shapeshifting


You had 6 spell levels left.
You didn't know any spells.
Your spell library contained the following spells:

 Spells                   Type           Power      Damage    Failure   Level
 Apportation              Tloc           0%         N/A       75%         1
 Necrotise                Necr           0%         1d4       75%         1
 Sting                    Conj/Alch      0%         1d3       75%         1
 Summon Small Mammal      Summ           0%         N/A       75%         1
 Jinxbite                 Hex            0%         N/A       86%         2
 Ozocubu's Armour         Ice            0%         N/A       98%         3
 Alistair's Intoxication  Alch           0%         N/A       100%        5
 Metabolic Englaciation   Hex/Ice        0%         N/A       100%        5
 Sculpt Simulacrum        Ice/Alch       0%         N/A       100%        6


Dungeon Overview and Level Annotations

Branches:
Dungeon (5/15)             Temple (0/1) D:4

Altars:
Makhleb

Shops:
D:2 [


Innate Abilities, Weirdness & Mutations

You regenerate a little health from kills.
You sometimes gain power by taking damage.
You have a small tail.


Message History

A killer bee is nearby!
A killer bee is nearby!
You feel a strong urge to attack something.
You feel sick.
You feel sick.
You feel your anger nearly subside.
You are no longer berserk.
You are exhausted.
You feel yourself slow down.
You feel sick.
You feel sick.
A killer bee comes into view.
The killer bee barely misses you.
There is a stone staircase leading up here.
You feel sick.
You are no longer poisoned.
The killer bee buzzes angrily.
You hear an angry buzzing noise.
The killer bee stings you.
You are poisoned.
The killer bee poisons you! The killer bee closely misses you.
The killer bee stings you but does no damage.
You climb upwards.
You feel very sick.
There is a stone staircase leading down here.
It was a potion of enlightenment.
You feel very buoyant.
You fly up into the air.
You feel sick. The killer bee misses you. The killer bee completely misses you.
The killer bee barely misses you.
You feel sick. The killer bee stings you.
* * * LOW HITPOINT WARNING * * *
You are lethally poisoned!
The killer bee poisons you! The killer bee stings you.
* * * LOW HITPOINT WARNING * * *
Okay, then.
It was a potion of might.
You feel very mighty all of a sudden.
* * * LOW HITPOINT WARNING * * *
You feel very sick. The killer bee misses you.
The killer bee barely misses you. The killer bee stings you.
You die...

######## #....... ############
#.###### #.....[.)..###.##
#.########.##...##### #.#
#........... #.# ####...#####
#######.############.## ##
#######........y@..........#####.
#....)...###################.....
#.######.############ #.###. #.#
#............# #.# ## #.#
#..#########.# #.# # #.#
#.........##.### #.# # #.#
####...#####......# #.# #
#.###........# #......######.####
#.##.........# #.......>.........


You could see a killer bee.

Vanquished Creatures
  Grinder (D:4)
  A water moccasin (D:5)
  A killer bee (D:5)
  A bombardier beetle (D:3)
  A hound (D:5)
  An orc priest (D:3)
  An iguana (D:4)
  4 adders
  3 dart slugs
  2 ribbon worms
  6 orcs
  6 endoplasms
  A giant cockroach (D:1)
  8 goblins
  7 hobgoblins
  8 jackals
  2 quokkas (D:4)
  A ball python (D:1)
  2 bats (D:1)
  7 frilled lizards
  8 kobolds
  3 rats
75 creatures vanquished.

Notes
Turn   | Place    | Note
-------+----------+-------------------------------------------
     0 | D:1      | ezpacito the Demonspawn Berserker began the quest for the
                  | Orb.
     0 | D:1      | Reached XP level 1. HP: 18/18 MP: 1/1
   460 | D:1      | Gained mutation: You have a small tail. [demonic ancestry]
   460 | D:1      | Reached XP level 2. HP: 19/24 MP: 2/2
   810 | D:2      | Reached skill level 3 in Axes
  1066 | D:2      | Gained mutation: You sometimes gain a little power by
                  | taking damage. [demonic ancestry]
  1066 | D:2      | Reached XP level 3. HP: 25/29 MP: 3/3
  1199 | D:2      | Reached ** piety under Trog
  1437 | D:2      | Found a faded altar of an unknown god.
  1509 | D:2      | Found Silluw's Armour Emporium.
  1515 | D:2      | Bought a +0 helmet for 58 gold pieces
  1662 | D:3      | Found a burning altar of Makhleb.
  1991 | D:3      | Reached skill level 1 in Unarmed Combat
  2119 | D:3      | Gained mutation: You regenerate a little health from kills.
                  | [demonic ancestry]
  2119 | D:3      | Reached XP level 4. HP: 24/35 MP: 4/4
  2235 | D:3      | Reached skill level 1 in Stealth
  2527 | D:3      | Reached XP level 5. HP: 41/41 MP: 5/5
  2897 | D:4      | Found a staircase to the Ecumenical Temple.
  2994 | D:4      | Noticed Grinder
  3040 | D:4      | Killed Grinder
  3041 | D:4      | Reached skill level 4 in Axes
  3041 | D:4      | Reached skill level 1 in Shapeshifting
  3041 | D:4      | Reached XP level 6. HP: 47/48 MP: 6/6
  3454 | D:5      | Entered Level 5 of the Dungeon
  3470 | D:5      | Noticed a water moccasin
  3484 | D:5      | Killed a water moccasin
  3485 | D:5      | Gained mutation: You sometimes gain power by taking damage.
                  | [demonic ancestry]
  3485 | D:5      | Reached XP level 7. HP: 36/53 MP: 7/7
  3497 | D:4      | HP: 2/53 [poisoned by a killer bee]
  3497 | D:4      | Slain by a killer bee

Illustrated notes

Levels and vault maps discovered:
D:1:      minmay_arrival_radiant_lines, layout_rooms, kennysheep_another_room,
          roderic_lattice_a
D:2:      layout_basic, hellmonk_ecumenical_altar_heavens_door, serial_shops,
          nicolae_shop_hallway_plus
D:3:      wander_river, layout_loops_ring,
          mainiacjoe_overflow_concentric_impassable, minmay_misc_feat_plants,
          kennysheep_potato
D:4:      layout_loops_ring, minmay_temple_entry_drinking_statues, uniq_grinder
D:5:      layout_rooms, nzn_wu_jian_contemplation, kennysheep_donut,
          minmay_tree_intersection, uniq_sigmund

Skill      XL: |  1  2  3  4  5  6  7 |
---------------+----------------------+-----
Dodging        | 2 |  2.8
Axes           | 3 4 |  4.8
Armour         | 2 3 |  3.3
Unarmed Combat | 1 2 |  2.0
Stealth        | 1 2 |  2.0
Shapeshifting  | 1 |  1.3
Fighting       | |  3.9
Evocations     | |  0.6

Action                     |  1- 3 |  4- 6 |  7- 9 || total
---------------------------+-------+-------+-------++-------
  Melee: Hand axe          |   130 |   123 |     2 ||   255
         Tailslap          |    13 |    11 |       ||    24
         Punch             |     3 |     4 |       ||     7
 Invoke: Berserk           |     1 |     3 |       ||     4
         Trog's Hand       |       |     1 |       ||     1
    Use: Scroll            |     4 |     1 |       ||     5
         Potion            |       |     6 |     2 ||     8
 Armour: Leather armour    |    42 |       |       ||    42
         Animal skin       |     7 |       |       ||     7
         Scale mail        |    32 |    95 |     6 ||   133
  Dodge: Dodged            |    73 |    81 |     7 ||   161
